 Dungeon Crawl Stone Soup version 0.28.0-49-g6dfe1f597d (webtiles) character file.

Game seed: 4474700129925283361

256 Peloso the Covered (level 5, -4/47 HPs)
             Began as a Minotaur Fighter on May 14, 2022.
             Slain by an ogre
             ... wielding a +0 giant spiked club
              (23 damage)
             ... on level 4 of the Dungeon.
             The game lasted 00:03:52 (2847 turns).

Peloso the Covered (Minotaur Fighter)               Turns: 2847, Time: 00:03:53

Health: -4/47      AC:  9    Str: 21    XL:     5   Next: 92%
Magic:  13/13      EV:  7    Int:  5    God:
Gold:   134        SH:  4    Dex: 11    Spells: 4/4 levels left

rFire   + . .      SeeInvis .   a - +8 flail "Kizeapis" {vorpal, rPois rF+ MP+9}
rCold   . . .      Faith    .   c - +0 buckler
rNeg    . . .      Spirit   .   n - +0 chain mail
rPois   +          Reflect  .   (helmet restricted)
rElec   .          Harm     .   (no cloak)
rCorr   .          Rampage  .   (no gloves)
Will    .....                   (no boots)
Stlth   ..........              (no amulet)
HPRegen 0.15/turn               p - ring of poison resistance
MPRegen 0.13/turn               (no ring)

@: no status effects
A: horns 2, retaliatory headbutt
a: no special abilities


You were on level 4 of the Dungeon.
You visited 1 branch of the dungeon, and saw 4 of its levels.

You collected 134 gold pieces.

Inventory:

Hand Weapons
 a - the +8 flail "Kizeapis" (weapon) {vorpal, rPois rF+ MP+9}
   (You found it on level 2 of the Dungeon)

   It inflicts extra damage upon your enemies.
   rF:        It protects you from fire.
   rPois:     It protects you from poison.
   MP:        It affects your magic capacity (+9).
 b - a +0 long sword
Armour
 c - a +0 buckler (worn)
 e - a +0 scale mail
 n - a +0 chain mail (worn)
Jewellery
 i - a ring of ice
 p - a ring of poison resistance (left hand)
Wands
 q - a wand of iceblast (14)
Scrolls
 h - 5 scrolls of identify
 k - a scroll of magic mapping
 l - a scroll of fog
 m - a scroll of blinking {unknown}
 o - a scroll of teleportation {unknown}
Potions
 d - a potion of might
 f - a potion of resistance {unknown}
 g - a potion of heal wounds
 j - 2 potions of curing {unknown}
 r - a potion of haste {unknown}


   Skills:
 + Level 4.7 Fighting
 + Level 3.7 Long Blades
 + Level 3.0 Maces & Flails
 + Level 5.0 Armour
 + Level 1.4 Dodging
 + Level 0.2 Stealth
 + Level 4.3 Shields


You had 4 spell levels left.
You didn't know any spells.
Your spell library contained the following spells:

 Spells                   Type           Power      Damage    Failure   Level
 Magic Dart               Conj           0%         1d3       99%         1
 Slow                     Hex            0%         N/A       99%         1
 Searing Ray              Conj           0%         2d4       100%        2
 Confusing Touch          Hex            0%         N/A       100%        3
 Gell's Gravitas          Tloc           0%         N/A       100%        3
 Lesser Beckoning         Tloc           0%         N/A       100%        3
 Teleport Other           Tloc           0%         N/A       100%        3
 Vampiric Draining        Necr           0%         2d6       100%        3
 Fulminant Prism          Conj/Hex       0%         3d6       100%        4


Dungeon Overview and Level Annotations

Branches:
Dungeon (4/15)
 Temple: D:4-7

Altars:


Innate Abilities, Weirdness & Mutations

You have a pair of horns on your head.
You reflexively headbutt those who attack you in melee.


Message History

The goblin goes into a battle-frenzy!
You thump Robin!
You kill Robin!
The goblin barely misses you. You furiously retaliate!
You headbutt the goblin. The goblin hits you with a +0 club.
Your Maces & Flails skill increases to level 3!
You sock the goblin!
You kill the goblin!
The goblin hits you but does no damage.
Your Armour skill increases to level 5!
You barely miss the goblin. Your headbutt misses the goblin.
The goblin is moderately wounded.
You block the goblin's attack.
You sock the goblin!
You kill the goblin!
Things that are here:
a +0 club; a +0 dagger; a goblin corpse
Items here: ))))))) [[ †††.
Things that are here:
a +0 club; a goblin corpse
Items here: ))))))) [[ †††.
Okay, then.
An ogre comes into view. It is wielding a +0 giant spiked club.
An ogre is nearby!
An ogre is nearby!
There is a stone staircase leading up, spattered with blood here.
You climb upwards.
There is a stone staircase leading down here.
You start resting.
HP restored.
You climb downwards.
The ogre hits you with a +0 giant spiked club!
There is a stone staircase leading up, spattered with blood here.
You sock the ogre!
The ogre is severely wounded.
The ogre hits you with a +0 giant spiked club!!
You hit the ogre.
The ogre is almost dead.
The ogre hits you with a +0 giant spiked club!!
You die...

# .# ####.#g .......
#########.......
####.#####@..............
.......).O).....)......#.
####.#####.######.).#...
#.#.# #.).# .#
#..####.#.# #...#..#
..........####...#..#
........#....#......#
........#....##..#.##
#..####.#....##†.#.#


You could see an ogre.

Vanquished Creatures
  A necrophage (D:3)
  Robin (D:4)
  4 gnolls (D:2)
  4 adders
  3 worms
  2 dart slugs
  4 orcs
  3 endoplasms
  4 giant cockroaches
  16 goblins
  6 hobgoblins
  2 quokkas
  5 ball pythons
  4 bats
  2 frilled lizards
  8 kobolds
  5 rats
74 creatures vanquished.

Vanquished Creatures (others)
  2 plants (D:2)
2 creatures vanquished.

Grand Total: 76 creatures vanquished

Notes
Turn   | Place    | Note
-------+----------+-------------------------------------------
     0 | D:1      | Peloso the Minotaur Fighter began the quest for the Orb.
     0 | D:1      | Reached XP level 1. HP: 19/19 MP: 0/0
   288 | D:1      | Reached XP level 2. HP: 27/27 MP: 1/1
   817 | D:2      | Reached XP level 3. HP: 34/34 MP: 2/2
   823 | D:2      | Identified the +8 flail "Kizeapis" {vorpal, rPois rF+ MP+9}
   827 | D:2      | Reached skill level 4 in Armour
  1037 | D:2      | Reached XP level 4. HP: 12/41 MP: 3/3
  1298 | D:2      | Reached skill level 1 in Maces & Flails
  1980 | D:3      | Found a faded altar of an unknown god.
  2228 | D:3      | Reached skill level 1 in Dodging
  2424 | D:3      | Noticed a necrophage
  2432 | D:3      | Killed a necrophage
  2433 | D:3      | Reached XP level 5. HP: 47/47 MP: 4/4
  2679 | D:4      | Noticed Robin
  2704 | D:4      | Killed Robin
  2706 | D:4      | Reached skill level 5 in Armour
  2780 | D:4      | Noticed an ogre
  2847 | D:4      | Slain by an ogre

Illustrated notes

Levels and vault maps discovered:
D:1:      dpeg_arrival_radiant, layout_basic
D:2:      cheibrodos_old_hovel, layout_rooms, grunt_decor_clamped
D:3:      layout_basic, dreamdust_ecumenical_altar_angels_and_demons
D:4:      layout_basic, overflow_temple_1_default, serial_shops,
          nicolae_diamond_shop, shop, shop_statue, shop,
          nicolae_shop_competitors_out_of_business, uniq_robin

Skill      XL: |  1  2  3  4  5 |
---------------+----------------+-----
Shields        | 4 |  4.3
Fighting       | 4 |  4.7
Armour         | 4 5 |  5.0
Long Blades    | 3 |  3.7
Maces & Flails | 2 3 |  3.0
Dodging        | 1 |  1.4
Stealth        | |  0.2

Action                   |  1- 3 |  4- 6 || total
-------------------------+-------+-------++-------
Melee: Long sword        |    48 |       ||    48
       Headbutt          |    10 |     5 ||    15
       Flail             |    16 |    56 ||    72
  Use: Scroll            |     3 |       ||     3
       Potion            |     3 |       ||     3
Armor: Scale mail        |    46 |     8 ||    54
       Chain mail        |       |    32 ||    32
Dodge: Dodged            |    46 |    30 ||    76
Block: Buckler           |    20 |    20 ||    40
